 Dungeon Crawl Stone Soup version bcrawl-1.12-11-gb93c957c58 (webtiles) character file.

Game seed: 5532848259563394997

693 Freyura the Basher (level 7, -1/61 HPs)
             Began as a Sand Dwarf Fighter on July 2, 2019.
             Killed from afar by an orc wizard (6 damage)
             ... with a magic dart
             ... on level 4 of the Dungeon.
             The game lasted 00:18:15 (3133 turns).

Freyura the Basher (Sand Dwarf Fighter)             Turns: 3133, Time: 00:18:16

Health: -1/61      AC:  8    Str: 21    XL:     7   Next: 64%
Magic:  7/7        EV:  9    Int:  8    God:
Gold:   133        SH: 10    Dex: 12    Spells: 6/6 levels left

rFire    . . .     SeeInvis .   a - +0 flail
rCold    . . .     Gourm    .   c - +0 shield
rNeg     . . .     Faith    .   b - +0 scale mail
rPois    .         Spirit   .   j - +0 helmet
rElec    .         Reflect  .   (no cloak)
rCorr    .         Harm     .   (no gloves)
MR       .....                  (no boots)
Stlth    ..........             (no amulet)
HPRegen  0.20/turn              (no ring)
MPRegen  0.10/turn              (no ring)

@: lethally poisoned (-1 -> -22), slow
A: small, slowness 1, armour attunement
a: no special abilities


You were on level 4 of the Dungeon.
You were not hungry.

You visited 1 branch of the dungeon, and saw 4 of its levels.

You collected 133 gold pieces.

Inventory:

Hand Weapons
 a - a +0 flail (weapon)
Armour
 b - a +0 scale mail (worn)
 c - a +0 shield (worn)
 j - a +0 helmet (worn)
Wands
 l - a wand of iceblast (8)
Scrolls
 e - a scroll of identify
 i - 3 scrolls of immolation
 o - 2 scrolls of teleportation
Potions
 d - a potion of cancellation
 h - a potion of degeneration {unknown}
 k - a potion of mutation {unknown}
 n - a potion of curing
 p - 2 potions of ambrosia {unknown}
Comestibles
 f - a ration {!d}
 g - a chunk of flesh


   Skills:
 + Level 5.6 Fighting
 * Level 8.0 Maces & Flails
 + Level 5.6 Armour
 + Level 4.6 Shields


You had 6 spell levels left.
You didn't know any spells.
Your spell library contained the following spells:

 Spells                   Type           Power        Failure   Level  Hunger
 Summon Small Mammal      Summ           #...         89%         1    ##.....
 Recall                   Summ/Tloc      N/A          99%         3    ####...
 Summon Ice Beast         Ice/Summ       #.......     100%        4    #####..
 Summon Lightning Spire   Summ/Air       #.......     100%        5    ######.


Dungeon Overview and Level Annotations

Branches:
Dungeon (4/12)
 Temple: D:4-7

Altars:
Ashenzari
Dithmenos
Trog


Innate Abilities, Weirdness & Mutations

You are small and have problems with some larger weapons.
You cover ground slowly.
Armour does not affect your spellcasting.


Message History

You hit the orc but do no damage.
The orc is heavily wounded.
* * * LOW HITPOINT WARNING * * *
You feel sick.
The orc wizard hits you with a +2 dagger of venom.
* * * LOW HITPOINT WARNING * * *
The orc barely misses you.
The orc wizard hits you but does no damage.
You are more poisoned.
You sock the orc!
You kill the orc!
Your Maces & Flails skill increases to level 8!
* * * LOW HITPOINT WARNING * * *
You feel very sick.
The orc wizard hits you but does no damage.
* * * LOW HITPOINT WARNING * * *
You feel very sick.
The orc wizard gestures at you while chanting.
The magic dart hits you!
You die...

###.. ##...##
#.....##
#...... .....
##$..## #...o.#
.####.#.#.####.
.......@.......
#####.#)#.#####
#.....# ##....#
##...# #.#.#
#.#.# #)#.#
#.#.##


You could see an orc wizard.

Vanquished Creatures
  Sigmund (D:2)
  The ghost of Bal the Sneak, an amateur DWAc (D:3)
  An ice beast (D:3)
  A sky beast (D:4)
  A crimson imp (D:3)
  A bullfrog zombie (D:3)
  Jessica (D:2)
  An iguana (D:4)
  2 orc wizards
  2 adders
  An ooze (D:2)
  An adder skeleton (D:2)
  5 worms
  4 leopard geckos
  7 orcs
  A giant cockroach (D:1)
  4 goblins
  6 hobgoblins
  9 kobolds
  2 ball pythons
  9 bats
  3 frilled lizards
  2 rats
66 creatures vanquished.

Notes
Turn   | Place    | Note
-------+----------+-------------------------------------------
     0 | D:1      | Freyura the Sand Dwarf Fighter began the quest for the Orb.
     0 | D:1      | Reached XP level 1. HP: 19/19 MP: 1/1
   247 | D:1      | Reached XP level 2. HP: 17/27 MP: 2/2
  1086 | D:2      | Reached XP level 3. HP: 33/33 MP: 3/3
  1133 | D:2      | Reached skill level 4 in Maces & Flails
  1369 | D:2      | Found a shattered altar of Ashenzari.
  1527 | D:2      | Noticed Sigmund
  1541 | D:2      | Killed Sigmund
  1541 | D:2      | Reached skill level 5 in Maces & Flails
  1541 | D:2      | Reached XP level 4. HP: 35/41 MP: 4/4
  1541 | D:2      | Reached XP level 5. HP: 40/47 MP: 5/5
  1902 | D:2      | Noticed Jessica
  1910 | D:2      | Reached skill level 6 in Maces & Flails
  1912 | D:2      | Killed Jessica
  1912 | D:2      | Reached XP level 6. HP: 38/53 MP: 6/6
  1927 | D:2      | Found a shadowy altar of Dithmenos.
  1927 | D:2      | Found a bloodstained altar of Trog.
  2310 | D:3      | Found a runed translucent door.
  2311 | D:3      | Noticed Bal's ghost (amateur DWAc)
  2311 | D:3      | Noticed an ice beast
  2458 | D:3      | Reached skill level 5 in Armour
  2514 | D:3      | Reached skill level 5 in Fighting
  2776 | D:3      | Killed an ice beast
  2776 | D:3      | Reached skill level 7 in Maces & Flails
  2776 | D:3      | Reached XP level 7. HP: 12/61 MP: 7/7
  2780 | D:3      | HP: 2/61 [Bal's ghost (7)]
  2785 | D:3      | Killed Bal's ghost
  3053 | D:3      | Identified the Papyrus of the Entourage
  3132 | D:4      | Reached skill level 8 in Maces & Flails
  3133 | D:4      | Killed from afar by an orc wizard

Skill      XL: |  1  2  3  4  5  6  7 |
---------------+----------------------+-----
Maces & Flails | 5 6 7 8 |  8.0
Armour         | 4 5 |  5.6
Fighting       | 4 5 |  5.6
Shields        | 4 |  4.6

Action                   |  1- 3 |  4- 6 |  7- 9 || total
-------------------------+-------+-------+-------++-------
Melee: Flail             |   107 |    97 |    39 ||   243
  Use: Potion            |     1 |       |     1 ||     2
       Scroll            |       |     5 |       ||     5
  Eat: Chunk             |     3 |     4 |       ||     7
       Ration            |       |       |     1 ||     1
Armor: Scale mail        |    60 |    21 |    16 ||    97
Dodge: Dodged            |    64 |    31 |     9 ||   104
Block: Shield            |    83 |    27 |    10 ||   120
